AoeStats
← Fluvialgeomorphologist

Black Forest

504938454Analyzed
4v4 RM · 25d ago on Sep 7, 2026· 43m 37s· 8 players
Game mode
Random Map
Map size
Large (8 player)
Population
200
Speed
Normal
Resources
Standard
Victory
Conquest
Starting age
Dark Age
Ending age
Imperial Age
RankedLock teamsTeams togetherTeam positionsShared explorationLock speedFull tech treeHidden civsTurbo modeCheats
Victory
Defeat
🇨🇱 Turks · Chile
913
+13
🇵🇪 Persians · Peru
880
+14
🇺🇸 Malay · United States
839
+16
🇺🇸 Bohemians · United States
837
+16
🇮🇩 Vietnamese · Indonesia
911
-19
🇲🇽 Huns · Mexico
825
-14
🇲🇽 Turks · Mexico
820
-14
🇲🇽 Khmer · Mexico
783
-12
XxMasterxX
0:29 Loom
14:07 Feudal Age
14:01 Double-Bit Axe
14:07 Fishing Lines
16:33 Gold Mining
20:56 Stone Mining
21:52 Wheelbarrow
23:53 Castle Age
22:13 Forging
22:03 Padded Archer Armor
22:59 Scale Barding Armor
22:45 Fletching
23:59 Town Watch
24:32 Bow Saw
24:26 Husbandry
26:10 Gillnets
27:02 Iron Casting
26:42 Leather Archer Armor
25:49 Pikeman
26:30 Squires
26:48 Horse Collar
28:19 Heavy Plow
29:12 Gold Shaft Mining
30:07 Hand Cart
31:22 Stone Shaft Mining
30:43 Bodkin Arrow
30:35 Arson
32:43 Town Patrol
32:39 Man-at-Arms
37:46 Imperial Age
34:46 Long Swordsman
34:48 Light Cavalry
36:45 Caravan
36:31 Elite Battle Elephant
38:16 Blast Furnace
37:46 Ring Archer Armor
36:43 Halberdier
36:46 Two-Handed Swordsman
37:51 Conscription
alavin alaban
1:03 Loom
13:12 Feudal Age
18:37 Castle Age
16:38 Double-Bit Axe
18:04 Horse Collar
22:52 Bow Saw
22:46 Heavy Plow
22:58 Fishing Lines
24:28 Wheelbarrow
24:25 Gillnets
28:07 Hand Cart
31:01 Gold Mining
31:04 Stone Mining
32:44 Gold Shaft Mining
37:07 Imperial Age
35:09 Forging
35:00 Scale Mail Armor
35:05 Scale Barding Armor
36:47 Stone Shaft Mining
36:37 Town Watch
37:40 Town Patrol
38:30 Conscription
39:43 Chemistry
42:35 Elite War Elephant
Mapuche Mayer
12:28 Feudal Age
11:40 Loom
13:02 Fishing Lines
13:10 Double-Bit Axe
19:06 Gold Mining
19:06 Stone Mining
22:12 Castle Age
21:40 Horse Collar
23:19 Bow Saw
24:55 Wheelbarrow
24:43 Heavy Plow
25:21 Gold Shaft Mining
27:36 Hand Cart
27:06 Town Watch
32:14 Imperial Age
30:12 Sipahi
30:19 Town Patrol
30:46 Ballistics
30:18 Fletching
30:29 Padded Archer Armor
31:03 Thumb Ring
31:11 Bloodlines
31:01 Husbandry
30:59 Bodkin Arrow
30:45 Treadmill Crane
31:15 Masonry
31:01 Murder Holes
31:58 Caravan
32:28 Coinage
32:52 Leather Archer Armor
32:21 Heavy Cavalry Archer
33:26 Parthian Tactics
33:02 Bracer
33:24 Bombard Tower
34:07 Artillery
34:27 Conscription
34:43 Ring Archer Armor
36:09 Two-Man Saw
37:08 Masonry
38:45 Parthian Tactics
43:52 Murder Holes
44:27 Architecture
Fluvialgeomorphologist
2:42 Loom
13:42 Feudal Age
14:31 Double-Bit Axe
17:59 Castle Age
17:37 Horse Collar
19:19 Bow Saw
19:16 Heavy Plow
20:15 Fervor
23:54 Wheelbarrow
29:47 Imperial Age
27:45 Pikeman
28:26 Squires
28:40 Forging
28:31 Scale Mail Armor
28:22 Fletching
28:32 Padded Archer Armor
30:37 Hand Cart
32:00 Chemistry
31:06 Siege Engineers
30:28 Elite Skirmisher
31:11 Capped Ram
33:39 Two-Man Saw
32:44 Bodkin Arrow
33:06 Chain Mail Armor
33:48 Town Watch
34:52 Caravan
38:16 Halberdier
39:29 Plate Mail Armor
39:35 Iron Casting
El Tlatoani
0:31 Loom
16:12 Feudal Age
18:42 Double-Bit Axe
21:15 Castle Age
24:58 Bow Saw
34:31 Imperial Age
32:38 Wheelbarrow
32:24 Gold Mining
35:05 Bloodlines
34:55 Husbandry
38:59 Hand Cart
38:29 Horse Collar
41:38 Artillery
soytupadreelgabo
16:33 Feudal Age
17:43 Double-Bit Axe
20:59 Castle Age
20:32 Horse Collar
23:10 Fishing Lines
23:26 Stone Mining
25:02 Fletching
28:57 Stone Shaft Mining
28:20 Bodkin Arrow
29:27 Wheelbarrow
29:56 Gillnets
30:06 Gold Mining
34:05 Imperial Age
32:18 Heavy Plow
35:27 Light Cavalry
37:21 Chemistry
38:34 Elite Ballista Elephant
ocelopilli Luis
0:28 Loom
13:11 Feudal Age
20:17 Castle Age
18:13 Horse Collar
19:52 Double-Bit Axe
21:00 Gold Mining
21:05 Stone Mining
22:07 Bow Saw
22:15 Heavy Plow
28:41 Gold Shaft Mining
30:17 Wheelbarrow
30:04 Town Watch
32:07 Hand Cart
35:55 Imperial Age
34:09 Town Patrol
34:15 Caravan
34:48 Husbandry
34:59 Bloodlines
34:57 Scale Barding Armor
34:45 Fletching
35:38 Masonry
35:50 Ballistics
36:02 Forging
36:59 Chain Barding Armor
37:04 Conscription
38:21 Chemistry
38:14 Iron Casting
37:08 Cavalier
38:20 Elite Tarkan
40:48 Murder Holes
41:01 Marauders
41:58 Paladin
heliopopsol
0:29 Loom
2:21 Loom
13:23 Feudal Age
14:40 Wheelbarrow
13:55 Double-Bit Axe
13:56 Horse Collar
14:11 Stone Mining
14:13 Gold Mining
15:10 Fishing Lines
24:31 Castle Age
26:12 Bow Saw
26:24 Hand Cart
26:52 Stone Shaft Mining
26:19 Caravan
26:49 Forging
26:30 Fletching
26:41 Padded Archer Armor
26:42 Scale Mail Armor
26:48 Scale Barding Armor
26:47 Heavy Plow
27:12 Gillnets
29:17 Town Watch
30:47 Chatras
33:27 Imperial Age
32:57 Town Patrol
34:42 Iron Casting
34:03 Bodkin Arrow
34:23 Chain Mail Armor
34:29 Chain Barding Armor
34:24 Leather Archer Armor
35:08 Elite Fire Lancer
36:15 Paper Money
36:25 Arson
38:36 Elite Rattan Archer
Connection lost

Rejoining the realm…

Still unreachable

The connection could not be restored.

Session expired

The server has moved on; the page needs a fresh start.